 Dungeon Crawl Stone Soup version 0.18.1-50-g88ac8fd (webtiles) character file.

1057 RepoMan the Chopper (level 8, 0/58 HPs)
             Began as a Formicid Fighter on Sept 14, 2016.
             Was a Follower of the Shining One.
             Slain by Prince Ribbit (15 damage)
             ... on level 6 of the Dungeon.
             The game lasted 00:25:18 (4737 turns).

RepoMan the Chopper (Formicid Fighter)              Turns: 4737, Time: 00:25:18

Health: 0/58       AC:  8    Str: 26    XL:     8   Next: 51%
Magic:  8/8        EV:  9    Int:  8    God:    the Shining One [*.....]
Gold:   258        SH: 11    Dex: 12    Spells: 0 memorised, 7 levels left

rFire  . . .     SeeInvis +     a - +0 war axe
rCold  . . .     Gourm    .     b - +0 scale mail
rNeg   . . .     Faith    .     c - +0 shield
rPois  .         Spirit   .     (helmet unavailable)
rElec  .         Dismiss  .     v - +0 cloak
rCorr  .         Reflect  .     (no gloves)
SustAt .         Harm     .     (no boots)
MR     .....                    (no amulet)
Stlth  ..........               (no ring)
                                (no ring)

@: mighty, glowing, not resistant to hostile enchantments, extremely unstealthy
A: permanent stasis, dig shafts and tunnels, four strong arms, antennae 3
a: Dig, Shaft Self, Renounce Religion


You were on level 6 of the Dungeon.
You worshipped the Shining One.
The Shining One was aware of your devotion.
You were not hungry.

You visited 2 branches of the dungeon, and saw 7 of its levels.

You collected 258 gold pieces.

Inventory:

Hand Weapons
 a - a +0 war axe (weapon)
Armour
 b - a +0 scale mail (worn)
 c - a +0 shield (worn)
 v - a +0 cloak (worn)
 x - a +0 chain mail
Jewellery
 y - a +2 ring of protection {unknown}
Wands
 u - a wand of paralysis (8/24)
Scrolls
 g - a scroll of enchant weapon {unknown}
 i - 3 scrolls of teleportation {unknown}
 j - 4 scrolls of remove curse {unknown}
 m - 3 scrolls of random uselessness {unknown}
 n - a scroll of enchant armour {unknown}
 o - a scroll of amnesia {unknown}
 p - a scroll of magic mapping {unknown}
 r - 3 scrolls of identify {unknown}
 s - a scroll of noise {unknown}
 B - a scroll of immolation {unknown}
Potions
 e - 2 potions of brilliance {unknown}
 h - a potion of degeneration {unknown}
 k - a potion of mutation {unknown}
 l - a potion of berserk rage {unknown}
 q - a potion of agility {unknown}
 t - 2 potions of haste
 w - 2 potions of heal wounds {unknown}
 A - a potion of magic {unknown}
Comestibles
 f - 5 bread rations
 z - a meat ration
 C - 2 chunks of flesh


   Skills:
 - Level 3.2 Fighting
 * Level 6.8 Axes
 + Level 6.2 Armour
 + Level 6.7 Shields


You had 7 spell levels left.
You didn't know any spells.

Dungeon Overview and Level Annotations

Branches:
Dungeon (6/15)             Temple (1/1) D:4

Altars:
Ashenzari
Dithmenos
Elyvilon
Fedhas
Gozag
Kikubaaqudgha
Makhleb
Nemelex Xobeh
Okawaru
Pakellas
Ru
Sif Muna
Trog
Vehumet
Xom
Yredelemnul
Zin
The Shining One

Shops:
D:4 (

Annotations:
D:6 Pikel, Prince Ribbit


Innate Abilities, Weirdness & Mutations

You are under a permanent stasis effect.
You can dig through walls and to a lower floor.
Your four strong arms can wield two-handed weapons with a shield.
You have a pair of large antennae on your head (SInv).


Message History

Unknown command.
Unknown command.
Evoke which item? (* to show all) (? for menu, Esc to quit)
Zapping:
u - a wand of paralysis {zapped: 3} (will waste charges)
Press: ? - help, Shift-Dir - straight line, f - Pikel
Aim: Pikel, wielding a whip of flaming and wearing a robe (unusually resistant, chance to defeat MR: 46%)
Okay, then.
Unknown command.
Unknown command.
Press: ? - help, v - describe, . - travel The floor.
This square is lit by a halo.
Unknown command.
Unknown command.
Unknown command.
Unknown command.
Unknown command.
Drink which item? (? for menu, Esc to quit)
It was a potion of haste.
Your stasis keeps you stable.
Prince Ribbit hits you!
You die...

#..# ##.. ##.# ##...
#.### ##.... #.p.##
##..... ##...##
##...... ####....#
#....... #####.....lK##
#.......
###.....#......###
#.....†.
....#####......F@###...
##...... #####
#....[###.......##
##..... ..# #.....#
#........# #..... ..#
#....## #........##
##.... ### #....#
#.........#####...
##..##
#............###.. #..
##.................
#..................
##.........#..##....


You could see Prince Ribbit, Pikel, a slave and a giant gecko.

Vanquished Creatures
  Edmund (D:4)
  3 slaves (D:6)
  2 phantoms
  A centaur (D:6)
  Blork the orc (D:4)
  4 scorpions
  A crimson imp (D:5)
  An orc priest (D:5)
  2 centaur skeletons
  An iguana (D:5)
  A worker ant (D:5)
  A gnoll (D:1)
  3 howler monkey skeletons
  13 adders
  A shadow imp (D:6)
  2 worms
  A dart slug (D:3)
  3 giant geckos
  5 orcs
  12 bats
  3 giant cockroaches
  6 goblins
  11 hobgoblins
  13 jackals
  7 kobolds
  3 quokkas
  A ball python (D:1)
  5 giant newts
  8 rats
116 creatures vanquished.

Notes
Turn   | Place    | Note
--------------------------------------------------------------
     0 | D:1      | RepoMan the Formicid Fighter began the quest for the Orb.
     0 | D:1      | Reached XP level 1. HP: 18/18 MP: 1/1
   151 | D:1      | Reached XP level 2. HP: 23/24 MP: 2/2
   329 | D:1      | Reached XP level 3. HP: 28/29 MP: 3/3
   692 | D:1      | Found a sparkling altar of Nemelex Xobeh.
  1255 | D:2      | Reached XP level 4. HP: 34/35 MP: 4/4
  1577 | D:2      | Found an ancient bone altar of Kikubaaqudgha.
  1672 | D:2      | Reached XP level 5. HP: 37/41 MP: 5/5
  1864 | D:2      | Found a bloodstained altar of Trog.
  2173 | D:3      | Found a burning altar of Makhleb.
  2694 | D:4      | Found a staircase to the Ecumenical Temple.
  2698 | Temple   | Entered the Ecumenical Temple
  2753 | Temple   | Became a worshipper of the Shining One
  2789 | D:4      | Reached XP level 6. HP: 43/47 MP: 6/6
  2826 | D:4      | Reached skill level 5 in Shields
  2839 | D:4      | Found a glowing silver altar of Zin.
  2847 | D:4      | Noticed a phantom
  2919 | D:4      | Killed a phantom
  2968 | D:4      | Found a basalt altar of Yredelemnul.
  2980 | D:4      | Found Nufoicw's Antique Weapon Shoppe.
  3210 | D:4      | Reached skill level 5 in Axes
  3220 | D:4      | Reached XP level 7. HP: 52/52 MP: 7/7
  3232 | D:4      | Noticed Edmund
  3233 | D:4      | Noticed Blork the orc
  3243 | D:4      | Killed Edmund
  3243 | D:4      | Reached skill level 5 in Armour
  3243 | D:4      | Killed Blork the orc
  3679 | D:5      | Entered Level 5 of the Dungeon
  4112 | D:5      | Reached * piety under the Shining One
  4115 | D:5      | Reached XP level 8. HP: 58/58 MP: 8/8
  4263 | D:5      | Found an oddly glowing altar of Pakellas.
  4545 | D:6      | Noticed Prince Ribbit
  4716 | D:6      | Noticed Pikel
  4737 | D:6      | Slain by Prince Ribbit

Skill      XL: |  1  2  3  4  5  6  7  8 |
---------------+-------------------------+-----
Shields        | 4 5 6 |  6.7
Axes           | 3 4 5 6 |  6.8
Armour         | 4 5 6 |  6.2
Fighting       | |  3.2

Action                   |  1- 3 |  4- 6 |  7- 9 || total
-------------------------+-------+-------+-------++-------
Melee: War axe           |   110 |   200 |   137 ||   447
 Abil: Dig               |       |     5 |       ||     5
Evoke: Wand              |       |       |     1 ||     1
  Use: Potion            |       |       |     4 ||     4
 Stab: Paralysed         |       |       |     1 ||     1
  Eat: Chunk             |     1 |     6 |     5 ||    12
       Beef jerky        |       |     1 |       ||     1
Armor: Scale mail        |    23 |    67 |    39 ||   129
       Plate armour      |    26 |       |       ||    26
Dodge: Dodged            |    18 |    63 |    32 ||   113
Block: Shield            |    55 |   109 |    61 ||   225
